 Dungeon Crawl Stone Soup version 0.30-a0-585-g93115170b9 (webtiles) character file.

Game seed: 12087927447582506350

816 OTABOTABOTAB the Insei (level 7, 0/53 HPs)
             Began as a Gnoll Transmuter on Jan 3, 2023.
             Slain by a wyvern (19 damage)
             ... on level 5 of the Dungeon.
             The game lasted 00:09:10 (4928 turns).

OTABOTABOTAB the Insei (Gnoll Transmuter)           Turns: 4928, Time: 00:09:10

Health: 0/53       AC:  2    Str: 11    XL:     7   Next: 94%
Magic:  18/24      EV: 22    Int: 13    God:
Gold:   1072       SH:  0    Dex: 17    Spells: 9/17 levels left

rFire   . . .      SeeInvis .      - Unarmed
rCold   . . .      Faith    .    (shield currently unavailable)
rNeg    . . .      Spirit   .    (body armour currently unavailable)
rPois   x          Reflect  .    (helmet currently unavailable)
rElec   .          Harm     .    (cloak currently unavailable)
rCorr   .          Rampage  .    (gloves currently unavailable)
Will    .....                    (boots currently unavailable)
Stlth   ++                       (no amulet)
HPRegen 0.28/turn                r - ring of magical power {MP+9}
MPRegen 0.19/turn                (no ring)

@: spider-form, very slightly contaminated
A: venomous fangs, tiny, (fangs 1), strong nose, distributed training
a: End Transformation


You were on level 5 of the Dungeon.
You were a venomous arachnid creature.
You visited 1 branch of the dungeon, and saw 5 of its levels.

You collected 1072 gold pieces.

Inventory:

Missiles
 d - a silver boomerang
 l - 5 poisoned darts
 o - 3 boomerangs
Armour
 a - a +0 robe (melded)
 h - a scarf of harm
   (You found it on level 4 of the Dungeon)
 i - a +1 pair of gloves (melded)
   (You found it on level 4 of the Dungeon)
 n - a +1 helmet
   (You took it off Robin on level 2 of the Dungeon)
Magical Staves
 g - a staff of death {rN+}
   (You found it on level 2 of the Dungeon)
Jewellery
 c - a ring of ice {rC+, rF-}
   (You found it on level 3 of the Dungeon)
 r - a ring of magical power (left front leg) {MP+9}
   (You found it on level 2 of the Dungeon)
Scrolls
 b - 2 scrolls of fog
 e - a scroll of enchant armour
 D - a scroll of blinking {!r}
 K - a scroll of immolation {!r}
 Y - 3 scrolls of teleportation {@r3}
Potions
 f - a potion of invisibility {unknown}
 j - a potion of ambrosia {unknown}
 p - a potion of curing {unknown}
 B - a potion of brilliance
 L - 3 potions of flight
 P - a potion of lignification {!q}
 U - 3 potions of mutation {!q}


   Skills:
 + Level 3.9 Fighting
 + Level 2.9 Short Blades
 + Level 2.9 Long Blades
 + Level 2.9 Axes
 + Level 2.9 Maces & Flails
 + Level 2.9 Polearms
 + Level 2.9 Staves
 + Level 2.9 Ranged Weapons
 + Level 2.9 Throwing
 + Level 2.9 Armour
 + Level 5.4 Dodging
 + Level 2.9 Stealth
 + Level 2.9 Shields
 + Level 7.2 Unarmed Combat
 + Level 5.8 Spellcasting
 + Level 2.3 Conjurations
 + Level 2.3 Hexes
 + Level 2.3 Summonings
 + Level 2.3 Necromancy
 + Level 2.3 Translocations
 + Level 4.5 Transmutations
 + Level 2.3 Fire Magic
 + Level 2.3 Ice Magic
 + Level 2.3 Air Magic
 + Level 2.3 Earth Magic
 + Level 2.3 Poison Magic
 + Level 3.2 Invocations
 + Level 2.9 Evocations


You had 9 spell levels left.
You knew the following spells:

 Your Spells              Type           Power      Damage    Failure   Level
a - Beastly Appendage     Tmut           30%        N/A       10%         1
b - Ice Form              Ice/Tmut       12%        N/A       61%         4
c - Spider Form           Tmut/Pois      12%        N/A       28%         3

Your spell library contained the following spells:

 Spells                   Type           Power      Damage    Failure   Level
 Wereblood                Tmut           15%        N/A       13%         2
 Sublimation of Blood     Necr           9%         N/A       24%         2
 Petrify                  Tmut/Erth      12%        N/A       61%         4
 Irradiate                Conj/Tmut      6%         3d13      89%         5
 Summon Hydra             Summ           4%         N/A       100%        7


Dungeon Overview and Level Annotations

Branches:
Dungeon (5/15)
 Temple: D:4-7

Altars:
Ashenzari
Elyvilon
The Shining One

Annotations:
D:4 3 runed translucent doors, Newt's ghost, novice DsGl; sirJeffrey23's ghost, novice DECj


Innate Abilities, Weirdness & Mutations

You are a venomous arachnid creature.
You have poisonous fangs.
You are tiny and dextrous.
Your spellcasting is less reliable in this form.
Your armour is entirely melded.
You are incapable of wielding weapons or throwing items.
((You have very sharp teeth.))
Your uncanny sense of smell can sniff out nearby items.
Your experience applies equally to all skills.


Message History

There is an open door here.
You now have 1068 gold pieces (gained 5).
There is an open door here.
Newt's ghost turns its malevolent gaze towards you.
Could not explore, unopened runed door.
Could not explore, unopened runed door.
Could not explore, unopened runed door.
Search for what [Enter for "altar", or ? for help]? altar Unknown command.
Could not explore, unopened runed door.
Could not explore, unopened runed door.
Could not explore, unopened runed door.
Could not explore, unopened runed door.
Item here: a scroll of blinking.
The floor.
Unknown command.
SirJeffrey23's ghost screams, "You must not succeed where I failed!"
Here: Newt's ghost, wielding a weapon of venom (fire blocked by a runed translucent door)
The floor.
Unknown command.
Could not explore, unopened runed door.
Could not explore, unopened runed door.
Could not explore, unopened runed door.
(D) Dungeon
Where to? (Enter - D:4, ? - help)
You see here a +0 trident.
There is a stone staircase leading down here.
You climb downwards.
There is a stone staircase leading up here.
A scorpion is nearby!
Okay, then.
Okay, then.
Unknown command.
A scorpion is nearby!
You turn into a venomous arachnid creature.
Your +1 pair of gloves melds into your body.
Your +0 robe melds into your body.
You now have 21/24 mp.
The scorpion barely misses you. The scorpion misses you.
You hit the scorpion. The scorpion stings you.
You are poisoned.
The scorpion poisons you!
You take 5 damage, and have 48/53 hp.
You hit the scorpion.
The scorpion is poisoned.
You feel very sick. The scorpion misses you.
You take 4 damage, and have 44/53 hp.
You hit the scorpion but do no damage.
The scorpion looks as sick as possible!
You feel very sick. The scorpion closely misses you.
You take 3 damage, and have 41/53 hp.
You hit the scorpion.
You kill the scorpion!
You feel very sick.
You take 2 damage, and have 39/53 hp.
No target in view!
Your transformation has ended.
Your +1 pair of gloves unmelds from your body.
Your +0 robe unmelds from your body.
You feel very sick.
You take 3 damage, and have 36/53 hp.
You feel sick.
You feel sick.
You feel sick.
You feel sick.
You feel sick.
You feel sick.
You feel sick.
You feel sick.
You are no longer poisoned.
There is a stone staircase leading up here.
You now have 1072 gold pieces (gained 4).
As you open the door, it creaks loudly!
Health restored: 53; MP restored: 24
There is an open door here.
There is an open door here.
A wyvern comes into view.
A wyvern is nearby!
Unknown command.
The spell is quite dangerous to miscast (38% risk of failure)!
Continue anyway?
You miscast Ice Form.
You are very lightly contaminated with residual magic.
Nothing appears to happen.
You now have 20/24 mp.
You turn into a venomous arachnid creature.
Your +1 pair of gloves melds into your body.
Your +0 robe melds into your body.
The wyvern hisses angrily.
The wyvern bites you!
You take 16 damage, and have 37/53 hp.
MASSIVE DAMAGE!!
You now have 17/24 mp.
You bite the wyvern! The wyvern closely misses you.
You hit the wyvern.
The wyvern is poisoned.
The wyvern closely misses you.
You hit the wyvern but do no damage.
The wyvern looks as sick as possible!
The wyvern misses you. The wyvern bites you!!
You take 18 damage, and have 19/53 hp.
MASSIVE DAMAGE!!
You hit the wyvern but do no damage. The wyvern bites you!!
You die...

#..............
#####.#####.###
###..##.##.##.##
...............#
...............#
...............#
...............+
##...####..###.#
#### #### #s#
......l........
...............
...............
...............
#######...##..#
#...# ### .....


You could see a wyvern (extremely poisoned).

Vanquished Creatures
  Edmund (D:4)
  Duvessa (D:4)
  An ogre (D:4)
  A scorpion (D:5)
  Dowan (D:4)
  A jelly (D:4)
  An iguana (D:4)
  Natasha (thrice) (D:2)
  An orc wizard (D:4)
  Robin (D:2)
  10 gnolls
  4 adders
  A worm (D:2)
  A dart slug (D:4)
  17 orcs
  3 endoplasms
  3 giant cockroaches
  9 goblins
  11 hobgoblins
  5 jackals
  5 quokkas
  6 ball pythons
  7 bats
  3 frilled lizards
  10 kobolds
  5 rats
112 creatures vanquished.

Notes
Turn   | Place    | Note
-------+----------+-------------------------------------------
     0 | D:1      | OTABOTABOTAB the Gnoll Transmuter began the quest for the
                  | Orb.
     0 | D:1      | Reached XP level 1. HP: 17/17 MP: 6/6
   262 | D:1      | Reached XP level 2. HP: 23/23 MP: 5/7
   344 | D:1      | Found a faded altar of an unknown god.
   750 | D:1      | Reached skill level 5 in Spellcasting
   750 | D:1      | Reached XP level 3. HP: 26/28 MP: 6/9
  1004 | D:2      | Noticed Natasha
  1010 | D:2      | Killed Natasha
  1011 | D:2      | Reached skill level 1 in Short Blades
  1011 | D:2      | Reached skill level 1 in Long Blades
  1011 | D:2      | Reached skill level 1 in Axes
  1011 | D:2      | Reached skill level 1 in Maces & Flails
  1011 | D:2      | Reached skill level 1 in Polearms
  1011 | D:2      | Reached skill level 1 in Staves
  1011 | D:2      | Reached skill level 1 in Ranged Weapons
  1011 | D:2      | Reached skill level 1 in Throwing
  1011 | D:2      | Reached skill level 1 in Armour
  1011 | D:2      | Reached skill level 1 in Stealth
  1011 | D:2      | Reached skill level 1 in Shields
  1011 | D:2      | Reached skill level 1 in Invocations
  1011 | D:2      | Reached skill level 1 in Evocations
  1013 | D:2      | Reached XP level 4. HP: 17/34 MP: 11/11
  1094 | D:2      | Learned a level 3 spell: Spider Form
  1099 | D:2      | Learned a level 4 spell: Ice Form
  1135 | D:2      | Found a broken altar of Ashenzari.
  1354 | D:2      | Noticed Natasha
  1361 | D:2      | Killed Natasha
  1362 | D:2      | Reached skill level 1 in Conjurations
  1362 | D:2      | Reached skill level 1 in Hexes
  1362 | D:2      | Reached skill level 1 in Summonings
  1362 | D:2      | Reached skill level 1 in Necromancy
  1362 | D:2      | Reached skill level 1 in Translocations
  1362 | D:2      | Reached skill level 1 in Fire Magic
  1362 | D:2      | Reached skill level 1 in Ice Magic
  1362 | D:2      | Reached skill level 1 in Air Magic
  1362 | D:2      | Reached skill level 1 in Earth Magic
  1362 | D:2      | Reached skill level 1 in Poison Magic
  1481 | D:2      | Noticed Robin
  1494 | D:2      | Killed Robin
  1495 | D:2      | Reached XP level 5. HP: 39/40 MP: 9/12
  1945 | D:2      | Noticed Natasha
  1957 | D:2      | Killed Natasha
  1958 | D:2      | Reached skill level 3 in Fighting
  1958 | D:2      | Reached skill level 4 in Transmutations
  2634 | D:3      | Reached skill level 2 in Invocations
  2960 | D:3      | Reached XP level 6. HP: 38/47 MP: 13/13
  3021 | D:3      | Reached skill level 5 in Dodging
  3175 | D:3      | Reached skill level 2 in Short Blades
  3175 | D:3      | Reached skill level 2 in Long Blades
  3175 | D:3      | Reached skill level 2 in Axes
  3175 | D:3      | Reached skill level 2 in Maces & Flails
  3175 | D:3      | Reached skill level 2 in Polearms
  3175 | D:3      | Reached skill level 2 in Staves
  3175 | D:3      | Reached skill level 2 in Ranged Weapons
  3175 | D:3      | Reached skill level 2 in Throwing
  3175 | D:3      | Reached skill level 2 in Armour
  3175 | D:3      | Reached skill level 2 in Stealth
  3175 | D:3      | Reached skill level 2 in Shields
  3175 | D:3      | Reached skill level 2 in Evocations
  3614 | D:4      | Found a runed translucent gate.
  3614 | D:4      | Found a runed translucent gate.
  3614 | D:4      | Found a runed translucent gate.
  3633 | D:4      | HP: 10/47 [iguana (13)]
  3636 | D:4      | HP: 1/47 [iguana (10)]
  3872 | D:4      | Noticed Edmund
  3874 | D:4      | Noticed Duvessa
  3874 | D:4      | Noticed Dowan
  3907 | D:4      | Killed Duvessa
  3908 | D:4      | Reached skill level 7 in Unarmed Combat
  3908 | D:4      | Reached skill level 2 in Conjurations
  3908 | D:4      | Reached skill level 2 in Hexes
  3908 | D:4      | Reached skill level 2 in Summonings
  3908 | D:4      | Reached skill level 2 in Necromancy
  3908 | D:4      | Reached skill level 2 in Translocations
  3908 | D:4      | Reached skill level 2 in Fire Magic
  3908 | D:4      | Reached skill level 2 in Ice Magic
  3908 | D:4      | Reached skill level 2 in Air Magic
  3908 | D:4      | Reached skill level 2 in Earth Magic
  3908 | D:4      | Reached skill level 2 in Poison Magic
  3908 | D:4      | Reached XP level 7. HP: 21/52 MP: 11/15
  3909 | D:4      | HP: 10/52 [Edmund/+1 heavy dire flail (11)]
  3909 | D:4      | HP: 4/52 [Dowan/+0 dagger (6)]
  3994 | D:4      | HP: 10/52 [Edmund/+1 heavy dire flail (10)]
  3995 | D:4      | Killed Edmund
  4141 | D:4      | Killed Dowan
  4142 | D:4      | Reached skill level 3 in Invocations
  4345 | D:4      | Identified a scroll of acquirement
  4345 | D:4      | Acquired 876 gold pieces
  4613 | D:4      | Noticed sirJeffrey23's ghost (novice DECj)
  4614 | D:4      | Noticed Newt's ghost (novice DsGl)
  4660 | D:4      | Found a glowing golden altar of the Shining One.
  4660 | D:4      | Found a white marble altar of Elyvilon.
  4768 | D:5      | Entered Level 5 of the Dungeon
  4922 | D:5      | Noticed a wyvern
  4928 | D:5      | Slain by a wyvern

Illustrated notes

Levels and vault maps discovered:
D:1:      minmay_arrival_three_doors, layout_loops_ring, basic_ecumenical_altar
D:2:      layout_loops_ring, basic_altar, solitary_fountain,
          hangedman_decor_push, wad_orctagon, uniq_natasha, uniq_robin
D:3:      layout_basic
D:4:      layout_rooms, gammafunk_temple_overflow_pools,
          gammafunk_ghost_cemetery, uniq_edmund, uniq_crazy_yiuf_cottage,
          uniq_duvessa
D:5:      layout_gridville, serial_shops, shop, grunt_ministairs_10

Skill      XL: |  1  2  3  4  5  6  7 |
---------------+----------------------+-----
Spellcasting   | 5 |  5.8
Short Blades   | 1 2 |  2.9
Long Blades    | 1 2 |  2.9
Axes           | 1 2 |  2.9
Maces & Flails | 1 2 |  2.9
Polearms       | 1 2 |  2.9
Staves         | 1 2 |  2.9
Ranged Weapons | 1 2 |  2.9
Throwing       | 1 2 |  2.9
Armour         | 1 2 |  2.9
Stealth        | 1 2 |  2.9
Shields        | 1 2 |  2.9
Invocations    | 1 2 3 |  3.2
Evocations     | 1 2 |  2.9
Conjurations   | 1 2 |  2.3
Hexes          | 1 2 |  2.3
Summonings     | 1 2 |  2.3
Necromancy     | 1 2 |  2.3
Translocations | 1 2 |  2.3
Fire Magic     | 1 2 |  2.3
Ice Magic      | 1 2 |  2.3
Air Magic      | 1 2 |  2.3
Earth Magic    | 1 2 |  2.3
Poison Magic   | 1 2 |  2.3
Fighting       | 3 |  3.9
Transmutations | 4 |  4.5
Dodging        | 5 |  5.4
Unarmed Combat | 7 |  7.2

Action                   |  1- 3 |  4- 6 |  7- 9 || total
-------------------------+-------+-------+-------++-------
Melee: Unarmed           |    78 |   191 |    36 ||   305
       Bite              |     6 |     3 |       ||     9
       Kick              |     7 |     2 |       ||     9
       Headbutt          |     5 |     3 |       ||     8
       Punch             |     2 |     1 |       ||     3
Throw: Stone             |     5 |     3 |     5 ||    13
 Cast: Beastly Appendage |    11 |     4 |       ||    15
       Spider Form       |       |    31 |     7 ||    38
 Abil: End Transformatio |     9 |    23 |     6 ||    38
  Use: Scroll            |     1 |    10 |     1 ||    12
       Potion            |       |     3 |     1 ||     4
Armor: Robe              |    17 |    14 |     2 ||    33
       Skin              |       |     6 |     1 ||     7
Dodge: Dodged            |    57 |   178 |    21 ||   256

Table legend: (Time is in decaauts)
 A = Elapsed time spent in this place.
 B = Non-inter-level travel time spent in this place.
 C = Inter-level travel time spent in this place.
 D = Time resting spent in this place.
 E = Time spent auto-exploring this place.
 F = Levels seen in this place.
 G = Mean time per level.
                   A        B        C        D        E       F      G
               +--------+--------+--------+--------+--------+-----+--------+
         Total |   4862 |   4635 |    227 |    383 |   3456 |   5 |  972.4 |
       Dungeon |   4862 |   4635 |    227 |    383 |   3456 |   5 |  972.4 |
               +--------+--------+--------+--------+--------+-----+--------+

Top non-repeatable levels by time:
     D:2: 1338 daAuts
     D:3: 1335 daAuts
     D:4: 1109 daAuts
     D:1: 919 daAuts
     D:5: 158 daAuts

Table legend:
 A = Kills in this place as a percentage of kills in entire the game.
 B = Kills by you in this place as a percentage of kills by you in the entire game.
 C = Kills by friends in this place as a percentage of kills by friends in the entire game.
 D = Other kills in this place as a percentage of other kills in the entire game.
 E = Experience gained in this place as a percentage of experience gained in the entire game.
 F = Experience gained in this place divided by the number of levels of this place that you have seen.
                   A       B       C       D       E      F
               +-------+-------+-------+-------+-------+----------------------
         Total | 100.0 | 100.0 |   N/A |   N/A | 100.0 | 233.2
       Dungeon | 100.0 | 100.0 |   N/A |   N/A | 100.0 | 233.2
               +-------+-------+-------+-------+-------+----------------------
